 Dungeon Crawl Stone Soup version 0.29.1-2-gbd0b4ee654 (webtiles) character file.

Game seed: 12238218559643032700

164899 Broccolisk the Eclecticist (level 18, 0/148 HPs)
             Began as a Djinni Conjurer on Nov 11, 2022.
             Was a High Priest of Ashenzari.
             Collided with a mangrove (6 damage)
             ... caused by Bai Suzhen
             ... on level 4 of the Swamp on Nov 12, 2022.
             The game lasted 02:07:04 (23009 turns).

Broccolisk the Eclecticist (Djinni Conjurer)       Turns: 23009, Time: 02:07:04

Health: 0/148      AC: 16    Str: 10    XL:     18   Next: 50%
Gold:   1125       EV: 20    Int: 25    God:    Ashenzari [*****.] SH: 16 Dex: 19

rFire   + . .      SeeInvis +   o - +4 scimitar (flame)
rCold   . . .      Faith    .   Z - +2 kite shield "Shattered Visionary" {Fly rN++ Str-2 Int+4, Melee, Evo} (curse)
rNeg    + + .      Spirit   .   S - +4 troll leather armour of the Eye in the Sky {Regen+, Snorg, Melee, Self} (curse)
rPois   ∞          Reflect  .   i - +1 hat
rElec   .          Harm     .   y - +2 cloak of Ashenzari's Negligence {Fort, Melee} (curse)
rCorr   .          Rampage  .   d - +0 pair of gloves of the Bound Heavens {Melee, Cun} (curse)
Will    +....      Clarity  +   (boots unavailable)
Stlth   +++++.....              l - amulet "Behold Eternity" {Regen+, Self, Fort} (curse)
HPRegen 1.94/turn               m - ring of Panopticon {Ice, Cun, Self} (curse)
MPRegen 0.00/turn               k - ring of the Profound Oblivion {Dex+6, Evo, Self} (curse)

@: flying, studying Shields
A: sickness immunity, fire resistance 2, cold vulnerability 1, float, innate
caster, HP casting, extra vitality 1
a: Renounce Religion, Curse Item, Shatter the Chains


You were on level 4 of the Swamp.
You worshipped Ashenzari.
Ashenzari was extremely pleased with you.
You visited 5 branches of the dungeon, and saw 27 of its levels.
You also visited: Bailey.

You collected 2850 gold pieces.
You spent 1725 gold pieces at shops.

Inventory:

Hand Weapons
 o - a +4 scimitar of flaming (weapon)
 M - the +8 shortbow "Uhaem" {flame, rN+ rCorr Str-5 Dex+6}
   (You found it on level 10 of the Dungeon)

   Any ammunition fired from it burns those it strikes, dealing additional fire
   damage.
   Str:       It affects your strength (-5).
   Dex:       It affects your dexterity (+6).
   rN:        It protects you from negative energy.
   rCorr:     It protects you from acid and corrosion.
Missiles
 f - 2 throwing nets
Armour
 a - a scarf of invisibility
 d - the cursed +0 pair of gloves of the Bound Heavens (worn) {Melee, Cun}
   (You found it on level 1 of the Dungeon)

   It has a curse which improves the following skills: Melee Combat: Short
   Blades, Long Blades, Axes, Maces & Flails, Polearms, Staves and Unarmed
   Combat.
   Cunning:   Dodging and Stealth.
 i - a +1 hat (worn)
 y - the cursed +2 cloak of Ashenzari's Negligence (worn) {Fort, Melee}
   (You bought it in a shop on level 4 of the Dungeon)

   It has a curse which improves the following skills: Fortitude: Armour and
   Shields.
   Melee Combat: Short Blades, Long Blades, Axes, Maces & Flails, Polearms,
   Staves and Unarmed Combat.
 K - a +2 buckler of resistance
 L - quicksilver dragon scales
 Q - a +0 cloak of preservation
 S - the cursed +4 troll leather armour of the Eye in the Sky (worn) {Regen+, Snorg, Melee, Self}
   (You found it on level 10 of the Dungeon)

   Regen:     It increases your rate of health regeneration.
   It has a curse which improves the following skills: Melee Combat: Short
   Blades, Long Blades, Axes, Maces & Flails, Polearms, Staves and Unarmed
   Combat.
   Introspection: Fighting and Spellcasting.
 Z - the cursed +2 kite shield "Shattered Visionary" (worn) {Fly rN++ Str-2 Int+4, Melee, Evo}
   (You bought it in a shop on level 2 of the Orcish Mines)

   Str:       It affects your strength (-2).
   Int:       It affects your intelligence (+4).
   rN:        It greatly protects you from negative energy.
   Fly:       It grants you flight.
   It has a curse which improves the following skills: Melee Combat: Short
   Blades, Long Blades, Axes, Maces & Flails, Polearms, Staves and Unarmed
   Combat.
   Evocations: Evocations.
Jewellery
 k - the cursed ring of the Profound Oblivion (right hand) {Dex+6, Evo, Self}
   (You found it on level 2 of the Dungeon)

   [ring of dexterity]

   Dex:       It affects your dexterity (+6).
   It has a curse which improves the following skills: Evocations: Evocations.
   Introspection: Fighting and Spellcasting.
 l - the cursed amulet "Behold Eternity" (around neck) {Regen+, Self, Fort}
   (You found it on level 2 of the Dungeon)

   [amulet of regeneration]

   Regen:     It increases your rate of health regeneration.
   It has a curse which improves the following skills: Introspection: Fighting
   and Spellcasting.
   Fortitude: Armour and Shields.
 m - the cursed ring of Panopticon (left hand) {Ice, Cun, Self}
   (You took it off a kobold on level 2 of the Dungeon)

   [ring of ice]

   It enhances your ice magic.
   rF:        It makes you vulnerable to fire.
   rC:        It protects you from cold.
   It has a curse which improves the following skills: Cunning: Dodging and
   Stealth.
   Introspection: Fighting and Spellcasting.
 V - a ring of protection from fire
Wands
 p - a wand of roots (4)
 v - a wand of flame (51)
 A - a wand of polymorph (9)
 H - a wand of paralysis (20)
 J - a wand of mindburst (6)
 O - a wand of digging (7)
 R - a wand of acid (14)
Scrolls
 b - 7 scrolls of butterflies
 h - 9 scrolls of teleportation
 j - 8 scrolls of fear
 n - 7 scrolls of magic mapping
 r - a scroll of summoning
 s - a scroll of immolation
 x - 2 scrolls of silence
 z - 4 scrolls of blinking
 D - a scroll of acquirement
 E - 4 scrolls of enchant armour
 I - 7 scrolls of enchant weapon
 N - a scroll of poison
 W - 2 scrolls of torment
 X - 2 scrolls of brand weapon
Potions
 c - 4 potions of ambrosia
 g - 2 potions of lignification
 q - 10 potions of curing
 t - 4 potions of invisibility
 u - 4 potions of resistance
 w - 8 potions of might
 B - 5 potions of brilliance
 C - 3 potions of berserk rage
 F - 3 potions of mutation
 G - 5 potions of haste
 U - 4 potions of attraction
Miscellaneous
 e - a box of beasts
 P - a tin of tremorstones (2/2)


   Skills:
 + Level 13.5(19.0) Fighting
 + Level 7.8(13.2) Long Blades
 - Level 3.5 Ranged Weapons
 + Level 11.1(14.5) Armour
 + Level 11.2(14.6) Dodging
 + Level 9.2(12.7) Stealth
 + Level 11.3(14.7) Shields
 * Level 15.1(20.5) Spellcasting
 + Level 5.7(9.1) Evocations


You had 13 spell levels left.
You knew the following spells:

 Your Spells              Type           Power      Damage    Failure   Level
a - Magic Dart            Conj           100%       1d8       0%          1
b - Searing Ray           Conj           100%       2d8       0%          2
c - Freezing Cloud        Conj/Ice/Air   56%        6-21      1%          5
d - Fulminant Prism       Conj/Hex       45%        3d21      0%          4
e - Iskenderun's Mystic   Conj/Tloc      91%        2d18      0%          4
f - Summon Small Mammal   Summ           100%       N/A       0%          1
g - Poisonous Vapours     Pois/Air       100%       N/A       0%          2
h - Ignite Poison         Fire/Tmut/Pois 91%        N/A       0%          3
i - Conjure Flame         Conj/Fire      91%        6-21      0%          3
j - Corpse Rot            Necr/Pois/Air  91%        N/A       0%          4
k - Dazzling Flash        Conj/Hex       100%       N/A       0%          3
l - Dispersal             Tloc           45%        N/A       1%          6
q - Monstrous Menagerie   Summ           45%        N/A       1%          7
Your spell library was empty.

Dungeon Overview and Level Annotations

Branches:
Dungeon (15/15)            Temple (1/1) D:6            Lair (5/5) D:9
  Swamp (4/4) Lair:3       Spider (0/4) Lair:2        Slime (0/5) Lair:5
    Orc (2/2) D:11            Elf (0/3) Orc:2        Vaults (0/5) D:13
 Depths (0/4) D:15         Bailey (visited)

Altars:
Ashenzari
Cheibriados
Dithmenos
Elyvilon
Fedhas
Gozag
Hepliaklqana
Makhleb
Nemelex Xobeh
Okawaru
Qazlal
Ru
Trog
Uskayaw
Wu Jian
Xom
Yredelemnul
Zin
The Shining One

Shops:
D:1 :   D:4 ([([   D:6 !   D:9 *:   Orc:2 :*[(

Annotations:
Swamp:4 Bai Suzhen, Roxanne


Innate Abilities, Weirdness & Mutations

You are immune to sickness and miasma.
You are immune to poison.
Your flesh is very heat resistant. (rF++)
You are vulnerable to cold. (rC-)
You float through the air rather than walking.
You learn spells naturally, not from books.
Your magical power is your life essence.
You have superior vitality. (+4 MHP)


Message History

You slice Bai Suzhen!! You burn Bai Suzhen!
Bai Suzhen is severely wounded.
You are standing in a thunderstorm.
You are struck by lightning!
Your lindwurm breathes flames at Bai Suzhen.
The blast of flame hits Bai Suzhen.
Your sphinx hits Bai Suzhen but does no damage.
Your sphinx barely misses Bai Suzhen.
Your sphinx hits Bai Suzhen but does no damage.
You hit Bai Suzhen but do no damage.
Bai Suzhen is almost dead.
You are standing in a thunderstorm.
The eight-headed hydra bites your sphinx.
The eight-headed hydra bites your sphinx!
Your sphinx dies!
Your sphinx's corpse disappears in a puff of smoke!
Bai Suzhen bites you. Bai Suzhen misses you. Bai Suzhen tramples you.
You hold your ground!
Your lindwurm bites Bai Suzhen but does no damage.
Your lindwurm claws Bai Suzhen but does no damage. x2
You catch the helpless Bai Suzhen completely off-guard!
You hit Bai Suzhen but do no damage.
Bai Suzhen is almost dead.
You are standing in a thunderstorm.
You block Bai Suzhen's attack. Bai Suzhen misses you. Bai Suzhen tramples you.
You hold your ground!
Unknown command.
Unknown command.
Unknown command.
Unknown command.
You hit Bai Suzhen. You burn Bai Suzhen.
Bai Suzhen is almost dead.
You are standing in a thunderstorm.
You are struck by lightning!
* * * LOW HITPOINT WARNING * * *
Your lindwurm closely misses Bai Suzhen.
Your lindwurm claws Bai Suzhen but does no damage. x2
Bai Suzhen breathes water at you. The torrent of water hits you!!
* * * LOW HITPOINT WARNING * * *
You are knocked back by the torrent of water.
You slam into the mangrove!
You die...

.~.~~~~.~†~.~~...~~.~..
, ,
♣♣♣........§~~§~~....~♣♣
**
♣♣♣♣♣♣♣♣.~~~~~~§§§~.♣♣~♣
~~♣♣♣..~~~...~~~~~~...~♣
~~♣
♣..~~.~♣.~~~~†~~~♣♣♣♣
..♣
♣♣~.~..).~~~~§...♣♣♣♣
♣♣♣
♣~~.~..♣.)~§D.♣♣.~.~♣
♣♣♣
♣♣♣♣..♣♣♣♣~kD♣♣♣..♣♣♣
♣♣♣♣♣♣♣♣§@♣~...♣♣♣
♣♣♣♣♣♣~♣♣~~~♣♣♣♣
♣♣....~♣~~♣♣♣♣
♣~...♣♣♣~.♣♣ ♣♣♣~~~.♣♣♣♣
♣♣.~~...~♣ ♣♣..~...~♣
♣♣♣♣♣♣♣♣♣ ♣♣♣♣♣♣♣


You could see Bai Suzhen (clouds, catching breath, ally target), an eight-headed
hydra (summoned) and a friendly lindwurm (summoned, catching breath).

Vanquished Creatures
  Kirke (Lair:4)
  An orc warlord (Orc:2)
  Louise (Swamp:4)
  2 stone giants
  2 bunyips
  2 eleionomae
  The ghost of rlgrobin the Blocker, a journeyman MiFi of Okawaru (Lair:3)
  Snorg (D:10)
  A shambling mangrove (Swamp:1)
  A yaktaur captain (D:10)
  16 hydras
  6 boulder beetles
  3 ghost crabs
  6 centaur warriors
  2 catoblepae
  An alligator (Swamp:4)
  2 dancing weapons (D:13)
  3 two-headed ogres
  8 death yaks
  A death knight (D:10)
  5 tengu warriors
  4 orc high priests (Orc:2)
  Urug (D:11)
  2 goliath frogs
  10 skeletal warriors
  5 spriggan druids
  A death drake (Swamp:3)
  A bog body (Swamp:3)
  4 swamp dragons
  8 orc knights
  6 deep elf pyromancers
  A lindwurm (Lair:5)
  A deep elf zephyrmancer (D:10)
  2 oklob plants (D:11)
  5 orc sorcerers
  5 manticores
  A will-o-the-wisp (Swamp:1)
  A moth of wrath (shapeshifter) (D:11)
  7 cyclopes
  8 ugly things
  14 elephants
  7 black mambas
  An elephant (shapeshifter) (D:9)
  A molten gargoyle (Lair:2)
  3 torpor snails
  9 cane toads
  A gargoyle (D:13)
  An efreet (D:10)
  2 yaktaurs
  A rime drake (Lair:4)
  2 unseen horrors
  5 komodo dragons
  A freezing wraith (D:14)
  A tengu conjurer (D:15)
  5 polar bears
  2 burning bushes (Lair:4)
  3 meliai (D:13)
  A meliai (shapeshifter) (D:14)
  6 trolls
  3 tyrant leeches (Swamp:4)
  13 hornets
  A queen bee (D:11)
  A bloated husk (Swamp:2)
  25 blink frogs
  5 slime creatures
  2 jumping spiders (Lair:2)
  17 spriggans
  A culicivora (shapeshifter) (D:14)
  A fire elemental (Lair:2)
  3 wraiths
  2 fire bats (Lair:2)
  3 shadows
  4 wyverns
  A hog (Lair:4)
  57 yaks
  A steam dragon (Bailey)
  A human (Lair:4)
  15 vampire mosquitoes
  7 basilisks
  A hog (shapeshifter) (D:13)
  4 wargs
  3 acid dragons
  12 swamp worms
  16 water moccasins
  37 orc warriors
  A sky beast (D:7)
  3 swamp drakes
  4 black bears (Lair:5)
  An ice beast (D:8)
  16 centaurs
  11 ogres
  16 wolves (Lair:5)
  2 boggarts (Lair:5)
  2 phantoms
  A kobold brigand (D:8)
  9 bullfrogs
  5 necrophages
  2 gnoll sergeants
  3 scorpions
  2 wights (D:9)
  41 killer bees
  7 howler monkeys
  3 lava snakes (Lair:2)
  2 gnoll boudas
  4 hounds
  4 jellies
  33 orc priests
  3 iguanas
  Ijyb (D:4)
  31 orc wizards
  7 adders
  12 gnolls
  2 shadow imps
  2 ufetubi (D:6)
  A worm (D:5)
  3 dart slugs
  82 orcs
  8 endoplasms
  5 giant cockroaches
  19 goblins
  9 hobgoblins
  A quokka (D:3)
  4 ball pythons
  6 bats
  4 frilled lizards
  12 kobolds
  A rat (D:1)
  2 bushes (Lair:4)
  2 fire vortices (Lair:2)
830 creatures vanquished.

Vanquished Creatures (collateral kills)
  Mara (Swamp:3)
  A thorn hunter (Swamp:3)
  2 ghouls (Swamp:1)
  3 bunyips (Swamp:3)
  3 hydras
  2 ghost crabs
  3 alligators (Swamp:3)
  A spriggan berserker (Swamp:3)
  A spriggan druid (Swamp:1)
  A goliath frog (Swamp:1)
  6 bog bodies
  3 elephants (Lair:5)
  An orange demon (Swamp:4)
  A cane toad (Lair:5)
  2 polar bears (Lair:5)
  7 hornets
  4 tyrant leeches
  A shadow (Swamp:4)
  14 spriggans
  4 yaks (Lair:5)
  2 vampire mosquitoes (Swamp:2)
  9 swamp worms
  A black bear (Lair:5)
  6 wolves (Lair:5)
  3 boggarts (Lair:5)
  A necrophage (Swamp:1)
  An electric eel (Lair:5)
84 creatures vanquished.

Vanquished Creatures (others)
  An eleionoma (Swamp:4)
  A goliath frog (Swamp:3)
  A spriggan druid (Swamp:4)
  A bloated husk (Swamp:1)
  4 humans (Lair:4)
  A black bear (Lair:5)
  A foxfire (Swamp:1)
  71 fulminant prisms
  19 fungi
  32 plants
132 creatures vanquished.

Grand Total: 1046 creatures vanquished

Notes
Turn   | Place    | Note
-------+----------+-------------------------------------------
     0 | D:1      | Broccolisk the Djinni Conjurer began the quest for the Orb.
     0 | D:1      | Broccolisk set off with the following spells memorised:
                  | Magic Dart, Searing Ray, Dazzling Flash, Fulminant Prism,
                  | Iskenderun's Mystic Blast.
     0 | D:1      | Reached XP level 1. HP: 15/15 MP: 0/0
   311 | D:1      | Reached XP level 2. HP: 9/21 MP: 0/0
   480 | D:1      | Found Rycher's Vocational Training.
   613 | D:1      | Found a faded altar of an unknown god.
  1356 | D:2      | Reached XP level 3. HP: 25/26 MP: 0/0
  1356 | D:2      | Learned a level 1 spell: Summon Small Mammal
  1683 | D:2      | Reached skill level 1 in Fighting
  1730 | D:2      | Reached skill level 4 in Spellcasting
  2040 | D:3      | Reached XP level 4. HP: 31/32 MP: 0/0
  2206 | D:3      | Reached XP level 5. HP: 21/38 MP: 0/0
  2206 | D:3      | Learned a level 2 spell: Poisonous Vapours
  2740 | D:3      | Found a shadowy altar of Dithmenos.
  3271 | D:4      | Found Oddedaqy's Weapon Shoppe.
  3332 | D:4      | Found Xixt's Antique Armour Shoppe.
  3332 | D:4      | You are sucked into a shaft and drop 1 floor!
  3332 | D:5      | Entered Level 5 of the Dungeon
  3340 | D:5      | Reached XP level 6. HP: 40/45 MP: 0/0
  3344 | D:5      | Noticed an ogre
  3358 | D:5      | Killed an ogre
  3359 | D:5      | Reached skill level 5 in Spellcasting
  3637 | D:4      | Reached XP level 7. HP: 40/50 MP: 0/0
  3637 | D:4      | Learned a level 3 spell: Ignite Poison
  3943 | D:4      | Found Inoetir's Weapon Shoppe.
  3949 | D:4      | Found Rekkoj's Antique Armour Emporium.
  3968 | D:4      | Bought an embroidered cloak for 120 gold pieces
  3968 | D:4      | Bought a heavily runed scale mail for 144 gold pieces
  3968 | D:4      | Identified the +1 scale mail of Marbles {Str+2} (You bought
                  | it in a shop on level 4 of the Dungeon)
  4252 | D:4      | Noticed Ijyb
  4259 | D:4      | Killed Ijyb
  4552 | D:5      | Reached skill level 6 in Spellcasting
  4642 | D:5      | Reached XP level 8. HP: 37/58 MP: 0/0
  5883 | D:6      | Reached skill level 5 in Fighting
  5949 | D:6      | Found a staircase to the Ecumenical Temple.
  5958 | Temple   | Entered the Ecumenical Temple
  6035 | Temple   | Became a worshipper of Ashenzari the Shackled
  6111 | D:6      | Reached skill level 7 in Spellcasting
  6408 | D:6      | Found Odusute's Distillery.
  6417 | D:6      | Bought a potion of heal wounds for 70 gold pieces
  6887 | D:7      | Found a shimmering altar of Xom.
  6925 | D:7      | Reached XP level 9. HP: 59/66 MP: 0/0
  6925 | D:7      | Learned a level 3 spell: Conjure Flame
  6953 | D:7      | Found a flagged portal.
  6991 | Bailey   | Entered a bailey
  7033 | Bailey   | Noticed a two-headed ogre
  7036 | Bailey   | Reached skill level 8 in Spellcasting
  7058 | Bailey   | Killed a two-headed ogre
  7089 | Bailey   | Identified the +2 broad axe of Junissoa {elec, rPois rC+
                  | Str-3 Int+4}
  7090 | Bailey   | Reached skill level 9 in Spellcasting
  7090 | Bailey   | Reached XP level 10. HP: 72/76 MP: 0/0
  7376 | D:7      | Reached * piety under Ashenzari
  8204 | D:8      | Reached skill level 10 in Spellcasting
  8672 | D:9      | Reached skill level 1 in Armour
  8710 | D:9      | Found Oklen's Book Shoppe.
  8778 | D:9      | Found a staircase to the Lair.
  8809 | D:9      | Reached XP level 11. HP: 64/84 MP: 0/0
  8809 | D:9      | Learned a level 4 spell: Corpse Rot
  9005 | D:9      | Found Cyffon's Changing Room.
  9042 | D:9      | Noticed a boulder beetle
  9051 | D:9      | Killed a boulder beetle
  9054 | D:9      | Noticed an elephant
  9054 | D:9      | a guardian serpent changed into an elephant
  9059 | D:9      | Killed an elephant
  9116 | D:9      | Reached skill level 5 in Armour
  9176 | D:9      | Found a bloodstained altar of Trog.
  9290 | D:9      | Reached skill level 11 in Spellcasting
  9302 | D:9      | Noticed a two-headed ogre
  9303 | D:9      | Noticed a two-headed ogre
  9309 | D:9      | Killed a two-headed ogre
  9319 | D:9      | Killed a two-headed ogre
  9479 | D:10     | Entered Level 10 of the Dungeon
  9552 | D:10     | Reached XP level 12. HP: 77/91 MP: 0/0
  9634 | D:10     | Noticed Snorg
  9638 | D:10     | Killed Snorg
  9811 | D:10     | Found an ornate altar of the Wu Jian Council.
 10003 | D:10     | Reached skill level 10 in Fighting
 10040 | D:10     | Noticed a boulder beetle
 10045 | D:10     | Noticed a death knight
 10048 | D:10     | Killed a boulder beetle
 10083 | D:10     | Killed a death knight
 10152 | D:10     | Identified the amulet of Lorido {Spirit Harm rElec}
 10157 | D:10     | Noticed a yaktaur captain
 10160 | D:10     | Noticed a stone giant
 10168 | D:10     | Killed a yaktaur captain
 10169 | D:10     | Reached skill level 5 in Dodging
 10170 | D:10     | Killed a stone giant
 10213 | D:10     | Identified the +8 shortbow "Uhaem" {flame, rN+ rCorr Str-5
                  | Dex+6}
 10480 | D:11     | Noticed Urug
 10488 | D:11     | Killed Urug
 10501 | D:11     | Reached skill level 12 in Spellcasting
 10553 | D:11     | Reached ** piety under Ashenzari
 10577 | D:11     | Reached XP level 13. HP: 56/102 MP: 0/0
 10577 | D:11     | Learned a level 5 spell: Freezing Cloud
 10696 | D:11     | Reached skill level 1 in Long Blades
 10723 | D:11     | Reached skill level 1 in Ranged Weapons
 10741 | D:11     | Reached skill level 5 in Stealth
 10873 | D:11     | Noticed a boulder beetle
 10876 | D:11     | Killed a boulder beetle
 11043 | D:11     | Identified Plato's Precepts of Transfiguration (You found
                  | it on level 1 of the Dungeon)
 11043 | D:11     | Found a staircase to the Orcish Mines.
 11058 | Orc:1    | Entered Level 1 of the Orcish Mines
 11450 | Orc:2    | Entered Level 2 of the Orcish Mines
 11457 | Orc:2    | Reached *** piety under Ashenzari
 11516 | Orc:2    | Reached skill level 1 in Shields
 11660 | Orc:2    | Noticed an orc warlord
 11669 | Orc:2    | Killed an orc warlord
 11672 | Orc:2    | Reached XP level 14. HP: 83/112 MP: 0/0
 11823 | Orc:2    | Found Vudoirgh's General Store.
 11824 | Orc:2    | Found Tapast's Book Emporium.
 11827 | Orc:2    | Found Ofir's Antique Armour Shoppe.
 11827 | Orc:2    | Found Dunn's Antique Weapon Shoppe.
 12060 | D:9      | Bought a manual of Shields for 1040 gold pieces
 12315 | Orc:2    | Found a staircase to the Elven Halls.
 13649 | Orc:2    | Bought a scorched kite shield for 351 gold pieces
 13649 | Orc:2    | Identified the +2 kite shield "Ropekhloo" {Fly rN++ Str-2
                  | Int+4} (You bought it in a shop on level 2 of the Orcish
                  | Mines)
 13961 | D:12     | Reached skill level 13 in Spellcasting
 14287 | D:13     | Found a gate to the Vaults.
 14818 | D:13     | Reached skill level 5 in Shields
 15051 | D:13     | Reached XP level 15. HP: 118/118 MP: 0/0
 15051 | D:13     | Learned a level 6 spell: Dispersal
 15705 | D:14     | Reached skill level 5 in Long Blades
 15961 | D:15     | Entered Level 15 of the Dungeon
 16016 | D:15     | Reached **** piety under Ashenzari
 16336 | D:15     | Reached skill level 1 in Evocations
 16464 | D:15     | Found a staircase to the Depths.
 16464 | D:15     | Noticed a stone giant
 16471 | D:15     | Killed a stone giant
 16833 | Lair:1   | Entered Level 1 of the Lair of Beasts
 17007 | Lair:1   | Reached XP level 16. HP: 124/128 MP: 0/0
 17344 | Lair:2   | Identified a scroll of acquirement
 17461 | Lair:2   | Found a snail-covered altar of Cheibriados.
 17658 | Lair:2   | Found a hole to the Spider Nest.
 18145 | Lair:3   | Reached skill level 14 in Spellcasting
 18205 | Lair:3   | Reached ***** piety under Ashenzari
 18494 | Lair:3   | Found a runed translucent door.
 18501 | Lair:3   | Noticed rlgrobin's ghost (journeyman MiFi)
 18620 | Lair:3   | Killed rlgrobin's ghost
 18707 | Lair:3   | Identified the +1 pair of boots "Fyriuv" {Int+2}
 18758 | Lair:3   | Found a staircase to the Swamp.
 18907 | Lair:4   | Noticed Kirke
 18912 | Lair:4   | Killed Kirke
 19270 | Lair:4   | Reached skill level 10 in Armour
 19789 | Lair:5   | Entered Level 5 of the Lair of Beasts
 19991 | Lair:5   | Reached XP level 17. HP: 135/139 MP: 0/0
 19991 | Lair:5   | Learned a level 7 spell: Monstrous Menagerie
 20013 | Lair:5   | Reached skill level 10 in Dodging
 20353 | Lair:5   | Found a runed translucent door.
 20357 | Lair:5   | Found a staircase to the Slime Pits.
 20943 | Swamp:1  | Entered Level 1 of the Swamp
 21234 | Swamp:1  | Reached skill level 10 in Shields
 22190 | Swamp:3  | Noticed Mara
 22220 | Swamp:3  | Killed Mara
 22259 | Swamp:3  | Reached skill level 5 in Evocations
 22325 | Swamp:3  | Noticed a thorn hunter
 22343 | Swamp:3  | Killed a thorn hunter
 22344 | Swamp:3  | Reached XP level 18. HP: 132/146 MP: 0/0
 22506 | Swamp:3  | Reached skill level 15 in Spellcasting
 22704 | Swamp:4  | Entered Level 4 of the Swamp
 22704 | Swamp:4  | Identified Roxanne's Secrets of Shapeshifting
 22704 | Swamp:4  | Noticed Roxanne
 22981 | Swamp:4  | Noticed Louise
 22982 | Swamp:4  | Noticed Bai Suzhen
 22986 | Swamp:4  | Killed Louise
 23009 | Swamp:4  | HP: 6/148 [Bai Suzhen/torrent of water (26)]
 23009 | Swamp:4  | Collided with a mangrove

Illustrated notes

Levels and vault maps discovered:
D:1:      lemuel_arrival_tunnels, layout_basic,
          shapermc_ecumenical_altar_rom_forum, nicolae_shop_vocational
D:2:      layout_rooms, kennysheep_cluttered_room
D:3:      cheibrodos_pilgrimage, layout_basic, mainiacjoe_overflow_tiny_flanked,
          serial_bayou_pond_b
D:4:      cheibrodos_greedy_goblins, layout_gridville, serial_shops,
          nicolae_stop_n_shop_2, shop, nicolae_shop_waterfront,
          nicolae_inconvenience_store, uniq_ijyb
D:5:      layout_layer_cave
D:6:      layout_basic, minmay_temple_entry_waves, serial_shops, shop,
          amcnicky_mini_pool_small, grunt_ministairs_15
D:7:      layout_basic, lemuel_doored_altar, enter_bailey_3,
          columned_hall_lemuel
D:8:      layout_basic
D:9:      minmay_octagon_keep, layout_loops_ring,
          mainiacjoe_overflow_surrounded_room, serial_shops,
          kennysheep_little_box, nicolae_transmutations_shop
D:10:     minmay_sliced_demisemicircle, layout_basic,
          mainiacjoe_overflow_big_doors, uniq_snorg
D:11:     regret_index_harrowing_hell_hive, layout_basic, david_orc_4, uniq_urug
D:12:     layout_rooms
D:13:     layout_stronghold, erik_vaults_1, st_stairs_14
D:14:     layout_loops_ring
D:15:     grunt_enter_depths_snipers, layout_loops_ring,
          ebering_dispersal_statue_hall
Temple:   nicolae_temple_bog_church
Lair:1:   layout_cave_shapes, grunt_megastairs_1
Lair:2:   layout_chaotic_city, spider_nest_entry_a, basic_altar,
          chequers_serial_rivers_marsh
Lair:3:   layout_gridlike, palyth_hydra_swamp_entry,
          ebering_ghost_reflecting_pool, serial_bayou_shore_a
Lair:4:   beast_lair_carwin_large_3, layout_regular_city, serial_rivers,
          chequers_serial_rivers_micro_d, chequers_serial_rivers_room_b,
          chequers_serial_rivers_large_a, chequers_serial_rivers_small_3,
          chequers_serial_rivers_micro_d, serial_bayou_lagoon_a, evilmike_ambush
          [evilmike_ambush_outer_doors, evilmike_ambush_inner_basic], uniq_kirke
Lair:5:   minmay_lair_end_enchanted_forest, layout_cave_pods, slime_entry_2,
          chequers_serial_rivers_marsh, gammafunk_lair_bear_cave
Swamp:1:  layout_falls_marsh, evilmike_swamp_ruin_house_5
Swamp:2:  nicolae_swamp_ascending_descending_big, layout_basic_swamp,
          evilmike_swamp_ruin_house_4, swamp_pool1
Swamp:3:  layout_falls_marsh, nicolae_swamp_decorative_isthmus, uniq_mara
Swamp:4:  swamp_vile, layout_basic_swamp, swamp_pool4, uniq_roxanne,
          uniq_louise, uniq_bai_suzhen
Orc:1:    layout_caves, basic_altar
Orc:2:    st_orc_congregation, layout_diamond_mine, nicolae_orc_damp_corner

Skill      XL: |  1  2  3  4  5  6  7  8  9 10 11 12 13 14 15 16 17 18 |
---------------+-------------------------------------------------------+-----
Fighting       | 1 2 3 4 5 7 8 9 10 11 12 13 | 13.5
Spellcasting   | 4 5 6 7 9 10 11 12 13 14 15 | 15.1
Armour         | 2 5 6 7 8 9 10 11 | 11.1
Stealth        | 2 4 5 6 7 8 9 |  9.2
Dodging        | 3 5 6 8 9 10 11 | 11.2
Long Blades    | 2 4 5 6 7 |  7.8
Ranged Weapons | 2 3 |  3.5
Shields        | 1 5 7 9 10 11 | 11.3
Evocations     | 2 4 5 |  5.7

Action                   |  1- 3 |  4- 6 |  7- 9 | 10-12 | 13-15 | 16-18 || total
-------------------------+-------+-------+-------+-------+-------+-------++-------
Melee: Broad axe         |       |       |       |    27 |       |       ||    27
       Scimitar          |       |       |       |       |   108 |   257 ||   365
 Fire: Shortbow          |       |       |       |    10 |   271 |       ||   281
 Cast: Magic Dart        |    58 |    65 |    76 |    26 |     1 |     1 ||   227
       Fulminant Prism   |       |     4 |     3 |    35 |    21 |     8 ||    71
       Iskenderun's Myst |       |     4 |    14 |    48 |   151 |   136 ||   353
       Poisonous Vapours |       |     4 |    22 |    51 |    38 |    17 ||   132
       Searing Ray       |       |     1 |     4 |       |       |     3 ||     8
       Ignite Poison     |       |       |    13 |    37 |    21 |     8 ||    79
       Summon Small Mamm |       |       |     2 |     2 |     3 |       ||     7
       Corpse Rot        |       |       |       |     2 |       |       ||     2
       Freezing Cloud    |       |       |       |       |    80 |    90 ||   170
       Monstrous Menager |       |       |       |       |       |    89 ||    89
       Conjure Flame     |       |       |       |       |       |     1 ||     1
       Dispersal         |       |       |       |       |       |     1 ||     1
Invok: Curse Item        |       |       |     1 |     3 |     3 |     1 ||     8
       Shatter the Chain |       |       |       |     1 |       |       ||     1
  Use: Scroll            |       |       |       |     4 |     2 |       ||     6
       Potion            |       |       |       |       |     1 |     1 ||     2
 Stab: Sleeping          |       |       |       |     1 |     2 |     9 ||    12
       Distracted        |       |       |       |       |       |     6 ||     6
       Paralysed         |       |       |       |       |       |     2 ||     2
       Confused          |       |       |       |       |       |     1 ||     1
Armor: Robe              |       |     8 |     4 |     6 |       |       ||    18
       Ring mail         |       |       |       |    24 |       |       ||    24
       Troll leather arm |       |       |       |    12 |    54 |    44 ||   110
Dodge: Dodged            |     3 |    10 |     9 |    54 |   133 |   157 ||   366
Block: Kite shield       |       |       |       |       |    76 |   217 ||   293
